 Dungeon Crawl Stone Soup version 0.28-a0-514-g0d7ab7f379 (webtiles) character file.

Game seed: 2169653317125571139

24 TrogsFancyHat the Skirmisher (level 3, -1/30 HPs)
             Began as a Formicid Abyssal Knight on Sept 22, 2021.
             Was a Follower of Lugonu.
             Slain by an adder (4 damage)
             ... on level 2 of the Dungeon.
             The game lasted 00:01:21 (1440 turns).

TrogsFancyHat the Skirmisher (FoAK)                 Turns: 1440, Time: 00:01:21

Health: -1/30      AC:  5    Str: 18    XL:     3   Next: 15%
Magic:  4/4        EV: 10    Int:  9    God:    Lugonu [*.....]
Gold:   141        SH:  0    Dex: 11    Spells: 2/2 levels left

rFire   . . .      SeeInvis +   a - +1 hand axe
rCold   . . .      Faith    .   (no shield)
rNeg    . . .      Spirit   .   e - +0 ring mail
rPois   .          Reflect  .   (helmet unavailable)
rElec   .          Harm     .   (no cloak)
rCorr   .          Rampage  .   (no gloves)
Will    .....                   (no boots)
Stlth   +.........              (no amulet)
HPRegen 0.10/turn               (no ring)
MPRegen 0.09/turn               (no ring)

@: no status effects
A: permanent stasis, dig shafts and tunnels, antennae 3, four strong arms
a: Dig, Shaft Self, Renounce Religion, Depart the Abyss


You were on level 2 of the Dungeon.
You worshipped Lugonu.
Lugonu was aware of your devotion.
You visited 1 branch of the dungeon, and saw 2 of its levels.
You visited the Abyss 1 time.

You collected 141 gold pieces.

Inventory:

Hand Weapons
 a - a +1 hand axe (weapon)
Armour
 e - a +0 ring mail (worn)
Scrolls
 g - a scroll of summoning {unknown}
Potions
 b - a potion of haste {unknown}
 c - a potion of degeneration {unknown}
 d - a potion of curing {unknown}
 f - a potion of invisibility {unknown}


   Skills:
 + Level 3.7 Fighting
 + Level 2.4 Axes
 + Level 2.5 Armour
 + Level 1.0 Dodging
 + Level 2.4 Invocations


You had 2 spell levels left.
You didn't know any spells.
Your spell library was empty.

Dungeon Overview and Level Annotations

Branches:
Dungeon (2/15)

Altars:


Innate Abilities, Weirdness & Mutations

You cannot be hasted, slowed, berserked, paralysed or teleported.
You can dig through walls and to a lower floor.
You have a pair of large antennae on your head. (SInv)
Your four strong arms can wield two-handed weapons with a shield.


Message History

You are too injured to fight recklessly!
You are too injured to fight recklessly!
You are too injured to fight recklessly!
You are too injured to fight recklessly!
You are too injured to fight recklessly!
You are too injured to fight recklessly!
You are too injured to fight recklessly!
You are too injured to fight recklessly!
You are too injured to fight recklessly!
You are too injured to fight recklessly!
Okay, then.
Unknown command.
You hit the adder but do no damage.
The adder is lightly wounded.
You feel sick. The adder barely misses you.
The adder bites you but does no damage.
You slash the adder!
The adder is almost dead.
You feel sick.
You are no longer poisoned.
The adder completely misses you.
You closely miss the adder.
The adder is almost dead.
The adder bites you.
* * * LOW HITPOINT WARNING * * *
You are poisoned.
The adder poisons you! The adder closely misses you.
You closely miss the adder.
The adder is almost dead.
You feel sick. The adder barely misses you.
The adder bites you but does no damage.
You barely miss the adder.
The adder is almost dead.
You feel sick. The adder bites you but does no damage.
You hit the adder but do no damage.
The adder is almost dead.
You feel sick.
You are no longer poisoned.
The adder barely misses you. The adder bites you.
You die...

{ #########
#......<#
#.####### #@#
.......)S..?#
..............#
............#.#
..............
#####+#########


You could see an adder.

Vanquished Creatures
  A dart slug (D:1)
  2 endoplasms (D:1)
  A hobgoblin (D:1)
  3 kobolds
  2 quokkas (D:1)
  4 ball pythons (D:1)
  5 bats (D:1)
  A frilled lizard (D:1)
  3 rats (D:1)
22 creatures vanquished.

Notes
Turn   | Place    | Note
-------+----------+-------------------------------------------
     0 | Abyss:1  | TrogsFancyHat the Formicid Abyssal Knight began the quest
                  | for the Orb.
     0 | Abyss:1  | Reached XP level 1. HP: 18/18 MP: 2/2
   111 | Abyss:3  | Noticed a smoke demon
   114 | D:1      | Escaped the Abyss
   272 | D:1      | Reached XP level 2. HP: 19/24 MP: 3/3
   359 | D:1      | Reached * piety under Lugonu
   970 | D:1      | Reached XP level 3. HP: 30/30 MP: 4/4
   992 | D:1      | Reached skill level 1 in Dodging
  1440 | D:2      | Slain by an adder

Illustrated notes

Levels and vault maps discovered:
D:1:      lightli_arrival_statuegarden, layout_basic, minivault_26
D:2:      layout_basic, shapermc_ecumenical_altar_totnotflames, st_stairs_11,
          minmay_liquid_box

Skill      XL: |  1  2  3 |
---------------+----------+-----
Dodging        | 1 |  1.0
Fighting       | |  3.7
Axes           | |  2.4
Armour         | |  2.5
Invocations    | |  2.4

Action                   || total
-------------------------++-------
Melee: Hand axe          ||    78
Invok: Depart the Abyss  ||     1
Armor: Leather armour    ||    16
       Ring mail         ||    12
Dodge: Dodged            ||    47

Table legend: (Time is in decaauts)
 A = Elapsed time spent in this place.
 B = Non-inter-level travel time spent in this place.
 C = Inter-level travel time spent in this place.
 D = Time resting spent in this place.
 E = Time spent auto-exploring this place.
 F = Levels seen in this place.
 G = Mean time per level.
                   A        B        C        D        E       F      G
               +--------+--------+--------+--------+--------+-----+--------+
         Total |   1453 |   1438 |     15 |      0 |   1218 |   5 |  290.6 |
       Dungeon |   1339 |   1324 |     15 |      0 |   1144 |   2 |  669.5 |
         Abyss |    113 |    113 |      0 |      0 |     74 |   3 |   37.7 |
               +--------+--------+--------+--------+--------+-----+--------+

Top non-repeatable levels by time:
     D:1: 1307 daAuts
 Abyss:1: 82 daAuts
     D:2: 32 daAuts
 Abyss:2: 19 daAuts
 Abyss:3: 11 daAuts
